 Dungeon Crawl Stone Soup version 0.27.1-33-g824d729ab1 (webtiles) character file.

Game seed: 1271835011587133802

16645 unlimited1921 the Arsonist (level 12, -2/145 HPs)
             Began as a Hill Orc Fire Elementalist on Dec 6, 2021.
             Was an Initiate of Ashenzari.
             Slain by a death knight (3 damage)
             ... on level 11 of the Dungeon on Dec 7, 2021.
             The game lasted 02:32:28 (28819 turns).

unlimited1921 the Arsonist (HOFE)                  Turns: 28819, Time: 02:32:29

Health: -2/145     AC: 26    Str: 13    XL:     12   Next: 39%
Magic:  20/33      EV:  2    Int: 18    God:    Ashenzari [......]
Gold:   589        SH:  0    Dex: 11    Spells: 10/28 levels left

rFire    . . .     SeeInvis .   q - +2 mace (protect)
rCold    . . .     Faith    .   (no shield)
rNeg     + + +     Spirit   .   (armour currently unavailable)
rPois    +         Reflect  .   (helmet currently unavailable)
rElec    .         Harm     .   (cloak currently unavailable)
rCorr    .         Rampage  .   (gloves currently unavailable)
Will     .....     NoTele   +   (boots currently unavailable)
Stlth    ++........             w - amulet of magic regeneration
HPRegen  0.34/turn              t - ring of positive energy
MPRegen  0.48/turn              J - ring of magical power

@: tree-form, weak-willed
A: stationary, stasis, torment immunity, boosted hp
a: Renounce Religion


You were on level 11 of the Dungeon.
You worshipped Ashenzari.
Ashenzari was noncommittal.
You were a tree.
You visited 3 branches of the dungeon, and saw 13 of its levels.

You collected 802 gold pieces.
You spent 213 gold pieces at shops.

Inventory:

Hand Weapons
 n - a +4 spear of venom
 q - a +2 mace of protection (weapon)
 H - a +1 whip of flaming
 I - a +2 flail of holy wrath
 M - a +0 shortbow
 U - a +2 falchion of freezing
 X - a +0 morningstar of protection
 Y - a +2 mace of holy wrath
Missiles
 j - 236 arrows
 o - 2 throwing nets
 s - 313 stones
 u - 54 bolts
 W - 4 curare-tipped darts
Armour
 f - a +0 cloak (melded)
 m - a +2 leather armour of fire resistance
 r - a +0 troll leather armour
 x - a +0 pair of boots (melded)
 y - a +0 pair of gloves (melded)
 C - a +2 hat (melded)
 N - quicksilver dragon scales (melded)
 O - a +2 buckler
 R - the +7 chain mail "Yzoenat" {Will+ Str+4 Stlth-}
   (You found it on level 7 of the Dungeon)

   Str:       It affects your strength (+4).
   Will:      It increases your willpower.
   Stlth:     It makes you less stealthy.
Magical Staves
 b - a staff of fire
Jewellery
 t - a ring of positive energy (left branch)
 w - an amulet of magic regeneration (around neck)
 J - a ring of magical power (right branch)
 T - an amulet of the acrobat
 V - a ring of protection from cold
Wands
 a - a wand of flame (21)
 E - a wand of paralysis (5)
 G - a wand of polymorph (3)
 L - a wand of acid (5) (quivered)
 Q - a wand of mindburst (16)
Scrolls
 c - a scroll of holy word
 g - 9 scrolls of identify
 h - 5 scrolls of teleportation
 i - 2 scrolls of fear
 k - a scroll of enchant weapon
 p - a scroll of amnesia
 A - a scroll of acquirement
 D - a scroll of fog
Potions
 d - 2 potions of ambrosia
 e - 2 potions of curing
 v - 2 potions of lignification
 z - a potion of berserk rage
 B - a potion of resistance
 K - 3 potions of brilliance
 P - 2 potions of cancellation
 S - a potion of flight


   Skills:
 * Level 6.9 Fighting
 + Level 1.3(1.6) Maces & Flails
 + Level 1.0(1.3) Polearms
 + Level 0.8(1.3) Staves
 * Level 6.4 Armour
 + Level 2.9 Dodging
 + Level 3.3 Stealth
 + Level 8.7 Spellcasting
 * Level 3.9 Conjurations
 - Level 5.1 Hexes
 - Level 7.0 Summonings
 * Level 10.5 Fire Magic
 + Level 1.8 Evocations


You had 10 spell levels left.
You knew the following spells:

 Your Spells              Type           Power      Damage    Failure   Level
a - Foxfire               Conj/Fire      100%       2x1d9     1%          1
b - Inner Flame           Hex/Fire       36%        N/A       1%          3
c - Call Canine Familiar  Summ           33%        N/A       1%          3
d - Summon Guardian Gole  Hex/Summ       29%        N/A       2%          3
e - Conjure Flame         Conj/Fire      33%        6-21      1%          3
f - Slow                  Hex            26%        N/A       1%          2
g - Confusing Touch       Hex            26%        N/A       3%          3

Your spell library contained the following spells:

 Spells                   Type           Power      Damage    Failure   Level
 Summon Small Mammal      Summ           100%       N/A       1%          1
 Sticky Flame             Conj/Fire      33%        2d5       4%          4
 Static Discharge         Conj/Air       14%        N/A       6%          2
 Animate Skeleton         Necr           14%        N/A       9%          1
 Pain                     Necr           28%        1d5       9%          1
 Fireball                 Conj/Fire      16%        3d8       13%         5
 Animate Armour           Summ/Erth      40%        N/A       22%         4
 Ozocubu's Armour         Ice            7%         N/A       26%         3
 Vampiric Draining        Necr           3%         2d6       26%         3
 Metabolic Englaciation   Hex/Ice        8%         N/A       65%         5
 Yara's Violent Unravell  Hex/Tmut       8%         3d5       65%         5
 Lightning Bolt           Conj/Air       7%         1d19      75%         5
 Blade Hands              Tmut           3%         N/A       94%         5
 Iron Shot                Conj/Erth      7%         9d2       99%         6
 Simulacrum               Ice/Necr       3%         N/A       100%        6
 Borgnjor's Revivificati  Necr           3%         N/A       100%        8
 Maxwell's Capacitive Co  Air            3%         ∞         100%        8
 Necromutation            Tmut/Necr      3%         N/A       100%        8
 Death's Door             Necr           3%         N/A       100%        9


Dungeon Overview and Level Annotations

Branches:
Dungeon (11/15)            Temple (1/1) D:4            Lair (0/6) D:10
    Orc (1/2) D:9

Altars:
Ashenzari
Cheibriados
Dithmenos
Elyvilon
Fedhas
Gozag
Hepliaklqana
Kikubaaqudgha
Makhleb
Nemelex Xobeh
Okawaru
Qazlal
Ru
Sif Muna
Trog
Uskayaw
Vehumet
Wu Jian
Xom
Yredelemnul
Zin
The Shining One
Lugonu

Shops:
D:5 *

Portals:
Trove: D:11 (give +4 fire dragon scales)

Annotations:
D:8 2 transporters, Grum; pkoi's ghost, novice DrMo


Message History

The phantasmal warrior moves out of view.
You feel much better. The phantasmal warrior hits you!!
* * * LOW HITPOINT WARNING * * *
The shadow strikes at your guardian golem from the darkness!
Reactivating autopickup.
You turn into a tree.
Your +0 cloak melds into your body.
Your +2 hat melds into your body.
Your +0 pair of gloves melds into your body.
Your +0 pair of boots melds into your body.
Your quicksilver dragon scales melds into your body.
Your roots penetrate the ground.
The phantasmal warrior hits you but does no damage.
The shadow slips into darkness.
The shadow flickers and vanishes!
Deactivating autopickup; reactivate with Ctrl-A.
The wraith barely misses you.
You feel better.
The phantasmal warrior hits you but does no damage.
The phantasmal warrior blinks!
The shadow strikes at your guardian golem from the darkness!
Reactivating autopickup.
The wraith hits you but does no damage.
Your guardian golem overheats!
The death knight hits you but does no damage.
You feel better.
The phantasmal warrior hits you but does no damage. x2
The shadow hits your guardian golem!
Your guardian golem disappears in a puff of smoke!
Your guardian golem explodes!
The fiery explosion engulfs the phantasmal warrior!
The fiery explosion engulfs the phantasmal warrior!!!
The phantasmal warrior is destroyed!
The fiery explosion engulfs you!!
* * * LOW HITPOINT WARNING * * *
The fiery explosion engulfs the shadow!!
The shadow explodes!
The wraith hits you!
* * * LOW HITPOINT WARNING * * *
The death knight hits you with a +0 broad axe.
You die...

...........
........#
......+ #....#
#....# .
#.§.§#####....
#§§§.†........
#§§#####+##...
#W♣# #pW#
##########..#
.......<.§..+
............#
...........?#
+####+#(...?...
#.....∩...
#...........


You could see a death knight, a phantasmal warrior and a wraith.

Vanquished Creatures
  2 two-headed ogres
  5 death yaks
  Pikel (D:5)
  Joseph (D:7)
  A meliai zombie (D:10)
  11 yaks
  A vampire (D:10)
  4 wyverns
  2 steam dragons
  3 water moccasins
  An ice beast (D:7)
  4 orc warriors
  A black bear (D:6)
  3 ogres
  4 lemures (D:5)
  3 centaurs
  A phantom (D:7)
  A bullfrog (D:9)
  A gnoll sergeant (D:6)
  A wyvern zombie (D:6)
  6 scorpions
  A water moccasin skeleton (D:4)
  15 killer bees
  A howler monkey (D:6)
  6 wights
  5 centaur zombies
  2 hounds (D:5)
  A jelly (D:6)
  2 centaur skeletons
  A human zombie (D:10)
  8 orc priests
  Crazy Yiuf (D:7)
  3 bullfrog skeletons
  3 iguanas
  Ijyb (D:5)
  A scorpion zombie (D:5)
  5 orc wizards
  A hound zombie (D:5)
  A mummy (D:10)
  A howler monkey zombie (D:10)
  12 gnolls
  2 white imps (D:6)
  An ufetubus (D:6)
  An adder skeleton (D:5)
  2 worms
  3 dart slugs
  24 orcs
  5 ball pythons
  7 bats
  10 endoplasms
  5 giant cockroaches
  13 goblins
  13 hobgoblins
  7 kobolds
  3 quokkas
  4 frilled lizards
  4 rats
  A spectral kobold (D:1)
233 creatures vanquished.

Vanquished Creatures (collateral kills)
  A freezing wraith (D:11)
  A meliai zombie (D:10)
  A yak (D:8)
  An ogre (D:9)
  A necrophage (D:10)
  A bullfrog (D:9)
  3 centaur zombies
  An orc priest (D:9)
  An orc wizard (D:8)
  A mummy (D:10)
  4 orcs (D:9)
  A foxfire (D:3)
17 creatures vanquished.

Vanquished Creatures (others)
  Harold (D:7)
  3 death yaks
  A phantasmal warrior (D:11)
  A manticore (D:9)
  A troll (D:11)
  A shadow (D:11)
  A yak (D:9)
  2 orc warriors (D:9)
  5 killer bees
  A wight (D:10)
  2 orc wizards (D:9)
  An orc (D:10)
  1046 foxfires
  6 plants (D:8)
1072 creatures vanquished.

Grand Total: 1322 creatures vanquished

Notes
Turn   | Place    | Note
-------+----------+-------------------------------------------
     0 | D:1      | unlimited1921 the Hill Orc Fire Elementalist began the
                  | quest for the Orb.
     0 | D:1      | Reached XP level 1. HP: 14/14 MP: 3/3
   513 | D:1      | You fall into a shaft and drop 1 floor!
   513 | D:2      | Found a shimmering altar of Xom.
   517 | D:2      | Reached XP level 2. HP: 20/20 MP: 1/4
  1425 | D:2      | Reached skill level 4 in Fire Magic
  1537 | D:2      | Reached XP level 3. HP: 26/26 MP: 3/5
  2578 | D:1      | Found a faded altar of an unknown god.
  3467 | D:2      | Reached XP level 4. HP: 22/33 MP: 0/7
  5160 | D:3      | Found a burning altar of Makhleb.
  5748 | D:3      | Found a white marble altar of Elyvilon.
  5831 | D:3      | Noticed an ogre
  5839 | D:3      | Killed an ogre
  5840 | D:3      | Reached skill level 1 in Armour
  5840 | D:3      | Reached XP level 5. HP: 38/38 MP: 1/8
  6454 | D:4      | Reached XP level 6. HP: 45/45 MP: 1/9
  6634 | D:4      | Found a staircase to the Ecumenical Temple.
  6639 | D:4      | Reached skill level 5 in Fire Magic
  6902 | Temple   | Entered the Ecumenical Temple
  6963 | Temple   | Became a worshipper of Ashenzari the Shackled
  7426 | D:4      | Noticed a wyvern
  7448 | D:4      | Killed a wyvern
  7449 | D:4      | Reached XP level 7. HP: 6/50 MP: 1/11
  7928 | D:4      | Learned a level 3 spell: Inner Flame
  7932 | D:4      | Learned a level 3 spell: Call Canine Familiar
  9146 | D:5      | Entered Level 5 of the Dungeon
  9277 | D:5      | Found an opulent altar of Gozag.
  9305 | D:5      | Identified a scroll of acquirement
  9591 | D:5      | Found Lonymev's Assorted Antiques.
  9599 | D:5      | Bought a metallic black potion for 27 gold pieces
  9599 | D:5      | Bought a scroll labelled ZIS SIRUGRI for 31 gold pieces
  9599 | D:5      | Bought a potion of heal wounds for 155 gold pieces
  9622 | D:5      | Found a hazy altar of Hepliaklqana.
  9688 | D:5      | Reached skill level 1 in Hexes
  9688 | D:5      | Reached skill level 1 in Summonings
 10023 | D:5      | Reached XP level 8. HP: 58/58 MP: 11/13
 10251 | D:5      | Found a glowing golden altar of the Shining One.
 10328 | D:5      | Noticed Ijyb
 10329 | D:5      | Paralysed by Ijyb for 6 turns
 10338 | D:5      | Paralysed by Ijyb for 7 turns
 10347 | D:5      | Killed Ijyb
 10348 | D:5      | Reached skill level 1 in Evocations
 10887 | D:5      | Reached skill level 6 in Fire Magic
 11010 | D:5      | Noticed Pikel
 11081 | D:5      | Killed Pikel
 11082 | D:5      | Reached skill level 1 in Fighting
 11263 | D:5      | Found a stormy altar of Qazlal.
 11658 | D:6      | Reached XP level 9. HP: 64/64 MP: 8/16
 12166 | D:6      | Learned a level 3 spell: Summon Guardian Golem
 12335 | D:6      | Found a radiant altar of Vehumet.
 12335 | D:6      | Found a shimmering blue altar of Sif Muna.
 12659 | D:6      | Learned a level 3 spell: Conjure Flame
 12662 | D:6      | Learned a level 2 spell: Slow
 12900 | D:6      | Reached skill level 7 in Fire Magic
 13415 | D:6      | Reached skill level 5 in Spellcasting
 13986 | D:6      | Found a blossoming altar of Fedhas.
 14072 | D:7      | Identified the +7 chain mail "Yzoenat" {Will+ Str+4 Stlth-}
 15361 | D:7      | Reached XP level 10. HP: 56/73 MP: 17/18
 15452 | D:7      | Reached skill level 1 in Polearms
 15759 | D:7      | Reached skill level 8 in Fire Magic
 15933 | D:7      | Found a runed translucent door.
 15934 | D:7      | Noticed Crazy Yiuf
 15947 | D:7      | Killed Crazy Yiuf
 16654 | D:7      | Found an iron altar of Okawaru.
 16689 | D:7      | Noticed Joseph
 16689 | D:7      | Noticed Harold
 17012 | D:7      | Killed Joseph
 17143 | D:7      | Killed Harold
 17144 | D:7      | Reached skill level 5 in Armour
 17144 | D:7      | Reached skill level 5 in Hexes
 17144 | D:7      | Reached skill level 5 in Summonings
 17476 | D:8      | Noticed Grum
 17478 | D:8      | Identified the +9 scale mail "Lyoff" {Regen+}
 17540 | D:8      | Found a transporter.
 17540 | D:8      | Found a transporter.
 17557 | D:8      | Identified the ring "Qiodics" {rElec rC+ rCorr EV+4}
 17594 | D:8      | Noticed pkoi's ghost (novice DrMo)
 18276 | D:8      | Found an ornate altar of the Wu Jian Council.
 19443 | D:9      | Noticed a two-headed ogre
 19462 | D:9      | Killed a two-headed ogre
 19463 | D:9      | Reached XP level 11. HP: 32/83 MP: 15/21
 21126 | D:9      | Reached skill level 9 in Fire Magic
 21612 | D:9      | Found a sparkling altar of Nemelex Xobeh.
 22170 | D:9      | Found a staircase to the Orcish Mines.
 23518 | D:9      | Noticed a manticore
 23528 | D:9      | Killed a manticore
 23927 | Orc:1    | Entered Level 1 of the Orcish Mines
 24485 | D:2      | You fall into a shaft and drop 1 floor!
 24680 | D:10     | Entered Level 10 of the Dungeon
 24974 | D:10     | Found a glowing silver altar of Zin.
 25074 | D:10     | Noticed a death yak
 25075 | D:10     | Noticed a death yak
 25076 | D:10     | Noticed a death yak
 25077 | D:10     | Noticed a death yak
 25077 | D:10     | Noticed a death yak
 25078 | D:10     | Noticed a death yak
 25079 | D:10     | Noticed a death yak
 25079 | D:10     | Noticed a death yak
 25470 | D:10     | Found a staircase to the Lair.
 25543 | D:10     | Killed a death yak
 25548 | D:10     | Killed a death yak
 25549 | D:10     | Reached skill level 5 in Fighting
 25551 | D:10     | Killed a death yak
 25941 | D:9      | Killed a death yak
 25958 | D:9      | Killed a death yak
 25959 | D:9      | Reached skill level 10 in Fire Magic
 26472 | D:8      | Killed a death yak
 26473 | D:8      | Reached XP level 12. HP: 46/95 MP: 11/24
 26701 | D:9      | Killed a death yak
 27248 | D:10     | Learned a level 3 spell: Confusing Touch
 27339 | D:10     | Killed a death yak
 27696 | D:10     | Noticed a two-headed ogre
 27700 | D:10     | Killed a two-headed ogre
 28297 | D:10     | Reached skill level 1 in Maces & Flails
 28728 | D:10     | Found a basalt altar of Yredelemnul.
 28768 | D:11     | Found a portal to a secret trove of treasure.
 28815 | D:11     | Noticed a death knight
 28819 | D:11     | HP: 1/145 [wraith[a death knight] (8)]
 28819 | D:11     | Slain by a death knight

Illustrated notes

Levels and vault maps discovered:
D:1:      lemuel_arrival_broad_hall, layout_basic,
          dreamdust_ecumenical_altar_drowned_temple, corexii_leaking_fountain,
          grunt_decor_mini_mirrors, st_stairs_6
D:2:      layout_basic, basic_altar, minmay_split_cup_large
D:3:      layout_rooms, nicolae_elyvilon_peaceful_grove, lightli_temple_of_fire,
          minmay_crystal_room, kennysheep_decorative_pillar
D:4:      layout_gridville, minmay_temple_entry_junction
D:5:      layout_loops_ring, kennysheep_mini_moat, mainiacjoe_overflow_alcove_2,
          tso_metal_star, lemuel_doored_altar, serial_shops,
          kennysheep_little_box, moated_statue, uniq_ijyb, uniq_pikel
D:6:      layout_basic, marbit_many_paths, jmf_multi_god_temple
D:7:      layout_gridville, nicolae_overflow_crystal_walls,
          serial_park_tiny_pond, uniq_crazy_yiuf_cottage, uniq_joseph,
          uniq_harold
D:8:      layout_basic, mainiacjoe_overflow_six_doors_small,
          gammafunk_ghost_gnarly_gnolls, roderic_serpentine_path
D:9:      layout_roguey, nemelex_diamond_rough_becter, hiddenorc1_lemuel,
          lightli_fourway_metalbox
D:10:     layout_long_grid, lemuel_mausoleum_altar_yredelemnul,
          general_overflow_altar, dpeg_lair_monsters
D:11:     layout_irregular_city, nicolae_trove_entry_free_sample,
          minmay_door_square
Temple:   corrupted_temple
Orc:1:    layout_caves, serial_shops, shop_fountains, nicolae_orc_pool_cavern

Skill      XL: |  1  2  3  4  5  6  7  8  9 10 11 12 |
---------------+-------------------------------------+-----
Fire Magic     | 4 5 6 7 8 10 | 10.5
Spellcasting   | 2 3 4 5 7 8 |  8.7
Dodging        | 2 |  2.9
Stealth        | 2 3 |  3.3
Conjurations   | 2 3 |  3.9
Armour         | 1 2 3 4 5 6 |  6.4
Hexes          | 1 2 4 5 |  5.1
Summonings     | 1 2 4 6 7 |  7.0
Evocations     | 1 |  1.8
Fighting       | 1 3 5 6 |  6.9
Polearms       | 1 |  1.0
Maces & Flails | 1 |  1.3
Staves         | |  0.8

Action                   |  1- 3 |  4- 6 |  7- 9 | 10-12 || total
-------------------------+-------+-------+-------+-------++-------
Melee: Staff             |    13 |     5 |    13 |       ||    31
       Spear             |       |       |    13 |     1 ||    14
       Mace              |       |       |       |    17 ||    17
 Cast: Foxfire           |    75 |   115 |   269 |   203 ||   662
       Inner Flame       |       |       |     7 |   121 ||   128
       Summon Guardian G |       |       |       |    65 ||    65
       Call Canine Famil |       |       |       |    50 ||    50
       Slow              |       |       |       |     1 ||     1
Invok: Curse Item        |       |       |       |     1 ||     1
       Shatter the Chain |       |       |       |     1 ||     1
Evoke: Wand              |       |     2 |     9 |     7 ||    18
  Use: Scroll            |     1 |     1 |     1 |     4 ||     7
       Potion            |       |       |     3 |     6 ||     9
Armor: Robe              |     6 |       |       |       ||     6
       Leather armour    |     2 |     5 |    17 |       ||    24
       Quicksilver drago |       |       |    27 |   118 ||   145
       Skin              |       |       |       |     6 ||     6
Dodge: Dodged            |    16 |    14 |    86 |   121 ||   237
